 Dungeon Crawl Stone Soup version 0.18.1-6-gd335043 (webtiles) character file.

1271 Gingerlord the Skirmisher (level 8, 0/76 HPs)
             Began as a Gargoyle Gladiator on May 18, 2016.
             Slain by Gingerlord's ghost (6 damage)
             ... on level 5 of the Dungeon.
             The game lasted 00:08:23 (4061 turns).

Gingerlord the Skirmisher (Gargoyle Gladiator)      Turns: 4061, Time: 00:08:24

Health: 0/76       AC: 24    Str: 18    XL:     8   Next: 53%
Magic:  8/8        EV:  2    Int: 10    God:
Gold:   215        SH:  0    Dex: 12    Spells: 0 memorised, 7 levels left

rFire  . . .     SeeInvis .     a - +1 war axe
rCold  . . .     Gourm    .     (armour currently unavailable)
rNeg   + + +     Faith    .     (no shield)
rPois  ∞         Spirit   .     (helmet currently unavailable)
rElec  .         Dismiss  .     (cloak currently unavailable)
rCorr  .         Reflect  .     (gloves currently unavailable)
SustAt .         Harm     .     (boots currently unavailable)
MR     .....     NoTele   +     (no amulet)
Stlth  ++........               t - +2 ring of evasion
                                k - ring of stealth

@: tree-form, not resistant to hostile enchantments, unstealthy
A: negative energy resistance 1, (electricity resistance), (unbreathing),
petrification resistance, rot immunity, AC +5
a: no special abilities


You were on level 5 of the Dungeon.
You were hungry.
You were a tree.
You visited 1 branch of the dungeon, and saw 5 of its levels.

You collected 215 gold pieces.

Inventory:

Hand Weapons
 a - a +1 war axe (weapon)
Missiles
 d - 3 throwing nets (quivered)
Armour
 c - a +0 helmet (melded)
 v - a +0 chain mail (melded)
Jewellery
 k - a ring of stealth (left branch)
 t - a +2 ring of evasion (right branch)
Wands
 b - a wand of teleportation (2/9)
 y - a wand of random effects (22/48)
 B - a wand of paralysis (13/24)
Scrolls
 h - 2 scrolls of enchant weapon
 i - 6 scrolls of remove curse {unknown}
 n - 2 scrolls of blinking {unknown}
 p - a scroll of immolation {unknown}
 s - a scroll of fog {unknown}
 u - 2 scrolls of amnesia {unknown}
 w - 2 scrolls of teleportation {unknown}
 x - 4 scrolls of identify {unknown}
 A - a scroll of recharging {unknown}
 C - a scroll of magic mapping {unknown}
Potions
 e - a potion of haste {unknown}
 j - a potion of berserk rage {unknown}
 l - a potion of heal wounds {unknown}
 q - a potion of curing {unknown}
 z - a potion of invisibility {unknown}
Comestibles
 f - 2 bread rations
 g - 3 meat rations
 o - 2 slices of pizza
 r - 2 beef jerkies


   Skills:
 + Level 5.7 Fighting
 + Level 5.1 Axes
 - Level 1.7 Throwing
 + Level 5.5 Armour
 + Level 4.9 Dodging


You had 7 spell levels left.
You didn't know any spells.

Dungeon Overview and Level Annotations

Branches:
Dungeon (5/15)
 Temple: D:4-7

Altars:
Dithmenos
Fedhas
Pakellas
Sif Muna
Xom
Zin

Annotations:
D:5 Gingerlord's ghost, novice GrGl


Innate Abilities, Weirdness & Mutations

You are resistant to torment.
((Your stone body is resilient (AC +5).))
You are immune to poison.
You resist negative energy.
((You are resistant to electric shocks.))
((You can survive without breathing.))
You are immune to petrification.
You are immune to rotting.


Message History

Gingerlord's ghost hits you but does no damage.
You hit Gingerlord's ghost but do no damage.
Gingerlord's ghost is severely damaged.
Gingerlord's ghost says very slowly, "There's no hope."
Gingerlord's ghost hits you but does no damage. x2
You hit Gingerlord's ghost.
Gingerlord's ghost is almost destroyed.
Gingerlord's ghost hits you but does no damage.
You hit Gingerlord's ghost but do no damage.
Gingerlord's ghost is almost destroyed.
Gingerlord's ghost hits you but does no damage.
You hit Gingerlord's ghost but do no damage.
Gingerlord's ghost is almost destroyed.
Gingerlord's ghost hits you but does no damage.
You hit Gingerlord's ghost but do no damage.
Gingerlord's ghost is almost destroyed.
Gingerlord's ghost hits you!
* * * LOW HITPOINT WARNING * * *
Gingerlord's ghost hits you.
You die...

...........#
#.###.##.#.## #.#
#.##....#####
#.#...###.......#
#...### #####..##
#... #≈...≈# ..##
##≈≈≈≈.## ###
#.≈≈_≈..# #
#....≈...♣# #
#.##≈.≈≈.W.......
# ...
####.......... ..
#..........
#..........
#.......... .
.$...###### .#
..$...# #


You could see Gingerlord's ghost.

Vanquished Creatures
  Pikel (D:4)
  Sigmund (D:4)
  Eustachio (D:4)
  Edmund (D:4)
  Duvessa (D:4)
  Dowan (D:4)
  An orc priest (D:4)
  2 orc wizards
  A worker ant (D:4)
  A hound skeleton (D:5)
  3 gnolls (D:3)
  5 adders
  A shadow imp (D:5)
  An ooze (D:1)
  2 worms
  2 dart slugs
  3 giant geckos
  7 orcs
  A ball python (D:1)
  3 giant cockroaches
  9 hobgoblins
  5 jackals (D:1)
  8 bats
  2 giant newts (D:4)
  8 goblins
  6 kobolds
  10 rats
87 creatures vanquished.

Vanquished Creatures (others)
  An ogre (D:4)
  A worker ant (D:4)
2 creatures vanquished.

Grand Total: 89 creatures vanquished

Notes
Turn   | Place    | Note
--------------------------------------------------------------
     0 | D:1      | Gingerlord the Gargoyle Gladiator began the quest for the Orb.
     0 | D:1      | Reached XP level 1. HP: 12/12 MP: 1/1
    41 | D:1      | Reached XP level 2. HP: 17/17 MP: 2/2
    89 | D:1      | Reached skill level 1 in Armour
   357 | D:1      | Reached XP level 3. HP: 18/22 MP: 3/3
   687 | D:2      | You fall through a shaft for 2 floors!
   693 | D:4      | Noticed Sigmund
   739 | D:4      | Noticed Dowan
   740 | D:4      | Noticed Duvessa
   749 | D:5      | Entered Level 5 of the Dungeon
  1070 | D:4      | Noticed Eustachio
  1228 | D:3      | Reached XP level 4. HP: 18/27 MP: 4/4
  1462 | D:3      | Found a shadowy altar of Dithmenos.
  1504 | D:3      | Reached XP level 5. HP: 20/32 MP: 5/5
  1982 | D:2      | Found an oddly glowing altar of Pakellas.
  2107 | D:2      | Found a deep blue altar of Sif Muna.
  2634 | D:4      | Killed Eustachio
  2634 | D:4      | Reached XP level 6. HP: 38/38 MP: 6/6
  2763 | D:4      | Noticed Edmund
  2764 | D:4      | Found a glowing silver altar of Zin.
  2764 | D:4      | Found a shimmering altar of Xom.
  2764 | D:4      | Noticed an angel
  2782 | D:4      | Killed Edmund
  3118 | D:4      | Noticed a slave
  3119 | D:4      | Noticed Pikel
  3119 | D:4      | Noticed a slave
  3120 | D:4      | Noticed a slave
  3121 | D:4      | Noticed a slave
  3145 | D:4      | Killed Pikel
  3145 | D:4      | Reached skill level 5 in Fighting
  3145 | D:4      | Reached XP level 7. HP: 36/44 MP: 7/7
  3145 | D:4      | Reached XP level 8. HP: 41/49 MP: 8/8
  3244 | D:4      | Killed Duvessa
  3244 | D:4      | Reached skill level 5 in Armour
  3247 | D:4      | Killed Dowan
  3558 | D:4      | Killed Sigmund
  3558 | D:4      | Reached skill level 5 in Axes
  4019 | D:5      | Found a blossoming altar of Fedhas.
  4024 | D:5      | Noticed Gingerlord's ghost (novice GrGl)
  4061 | D:5      | Slain by Gingerlord's ghost

Skill      XL: |  1  2  3  4  5  6  7  8 |
---------------+-------------------------+-----
Armour         | 1 2 3 4 5 |  5.5
Axes           | 3 4 5 |  5.1
Dodging        | 3 4 |  4.9
Fighting       | 3 5 |  5.7
Throwing       | |  1.7

Action                   |  1- 3 |  4- 6 |  7- 9 || total
-------------------------+-------+-------+-------++-------
Melee: War axe           |    96 |   148 |    92 ||   336
  Use: Potion            |       |     1 |     1 ||     2
       Scroll            |       |     1 |       ||     1
 Stab: Sleeping          |     1 |     2 |       ||     3
  Eat: Chunk             |     1 |     5 |     4 ||    10
Armor: Leather armour    |    46 |     9 |       ||    55
       Chain mail        |       |    57 |    53 ||   110
       Ring mail         |       |    12 |       ||    12
       Skin              |       |    11 |     8 ||    19
Dodge: Dodged            |    86 |    97 |    29 ||   212
